 Dungeon Crawl Stone Soup version 0.22.1-2-g9c5b331 (webtiles) character file.

11 myga the Magician (level 2, -2/23 HPs)
             Began as a Demigod Wanderer on Dec 26, 2018.
             Slain by a hobgoblin
             ... wielding a +0 club
              (5 damage)
             ... on level 1 of the Dungeon.
             The game lasted 00:01:51 (141 turns).

myga the Magician (Demigod Wanderer)                 Turns: 141, Time: 00:01:52

Health: -2/23      AC:  2    Str: 14    XL:     2   Next: 3%
Magic:  1/7        EV: 12    Int: 18    God:
Gold:   18         SH:  0    Dex: 14    Spells: 3/5 levels left

rFire    . . .     SeeInvis .   a - +0 dagger
rCold    . . .     Gourm    .   (no shield)
rNeg     . . .     Faith    .   d - +0 robe
rPois    .         Spirit   .   (no helmet)
rElec    .         Reflect  .   (no cloak)
rCorr    .         Harm     .   (no gloves)
MR       .....                  (no boots)
Stlth    +.........             (no amulet)
HPRegen  0.07/turn              (no ring)
MPRegen  0.10/turn              (no ring)

@: very slightly contaminated
A: high mp 1
a: no special abilities


You were on level 1 of the Dungeon.
You were not hungry.

You visited 1 branch of the dungeon, and saw 1 of its levels.

You collected 18 gold pieces.

Inventory:

Hand Weapons
 a - a +0 dagger (weapon)
 e - a +0 club
Missiles
 b - 2 stones (quivered)
Armour
 d - a +0 robe (worn)
Comestibles
 c - 3 chunks of flesh
 f - a ration


   Skills:
 + Level 1.0 Fighting
 + Level 1.0 Short Blades
 + Level 1.1 Dodging
   Level 1.7 Shields
 + Level 2.3 Spellcasting
   Level 1.7 Necromancy
   Level 1.0 Translocations


You had 3 spell levels left.
You knew the following spells:

 Your Spells              Type           Power        Failure   Level  Hunger
a - Beastly Appendage     Tmut           #.....       17%         1    #......
b - Magic Dart            Conj           #...         17%         1    #......

Your spell library contained the following spells:

 Spells                   Type           Power        Failure   Level  Hunger
 Blink                    Tloc           N/A          17%         2    ##.....
 Shroud of Golubria       Chrm/Tloc      #.........   22%         2    ##.....
 Call Imp                 Summ           #.......     26%         2    ##.....
 Slow                     Hex            #.......     26%         2    ##.....
 Conjure Flame            Conj/Fire      #.......     45%         3    ###....
 Mephitic Cloud           Conj/Pois/Air  #.......     45%         3    ###....
 Spider Form              Tmut/Pois      #.........   45%         3    ###....


Dungeon Overview and Level Annotations

Branches:
Dungeon (1/15)


Innate Abilities, Weirdness & Mutations

You have an increased reservoir of magic. (+10% MP)


Message History

Aiming: Magic Dart (safe; 17% risk of failure)
Press: ? - help, Shift-Dir - straight line, f/p - kobold
Aim: a kobold, wielding a dagger The magic dart hits the hobgoblin.
You hit the hobgoblin.
You claw the hobgoblin, but do no damage.
The hobgoblin is lightly wounded.
The hobgoblin hits you with a club.
* * * LOW HITPOINT WARNING * * *
You hit the hobgoblin but do no damage. The hobgoblin closely misses you.
The kobold hits you with a dagger.
* * * LOW HITPOINT WARNING * * *
Your talons disappear.
The kobold throws a stone.
The stone hits you but does no damage.
Found a scroll labeled JUFECLOGHAPRU.
You hit the hobgoblin.
The hobgoblin is lightly wounded.
A jackal comes into view.
The hobgoblin hits you with a club.
You die...

########### #.........#
#.).......########
#.................
#.........####.###
#.......รท.# #.#
?h##########....## #.#
....(...@........# #.#
.......g####.....# #.#
..#####..)##.....####.#
###K).###.....#..
###.##...... #.........
###....... .......
.......


You could see a jackal (wandering) and a hobgoblin.

Vanquished Creatures
  2 hobgoblins (D:1)
  2 jackals (D:1)
  A bat (D:1)
  A goblin (D:1)
  3 kobolds (D:1)
  A rat (D:1)
10 creatures vanquished.

Notes
Turn   | Place    | Note
-------+----------+-------------------------------------------
     0 | D:1      | myga the Demigod Wanderer began the quest for the Orb.
     0 | D:1      | myga set off with: a +0 robe, a +0 club, a ration
     0 | D:1      | Reached XP level 1. HP: 16/16 MP: 5/5
     2 | D:1      | Learned a level 1 spell: Beastly Appendage
     4 | D:1      | Learned a level 1 spell: Magic Dart
    82 | D:1      | Reached skill level 2 in Spellcasting
   135 | D:1      | Reached XP level 2. HP: 8/23 MP: 1/7
   141 | D:1      | Slain by a hobgoblin

Skill      XL: |  1 |
---------------+----+-----
Spellcasting   | 2 |  2.3
Fighting       | |  1.0
Short Blades   | |  1.0
Dodging        | |  1.1
Shields        | |  1.7
Necromancy     | |  1.7
Translocations | |  1.0

Action                   || total
-------------------------++-------
Melee: Dagger            ||    23
       Kick              ||    10
       Club              ||     2
 Cast: Magic Dart        ||     7
       Beastly Appendage ||     3
Armor: Robe              ||     1
Dodge: Dodged            ||    13
